 Dungeon Crawl Stone Soup version 0.23.2-40-g277498a001 (webtiles) character file.

Game seed: 7357976669659281771

851 Marnok the Poker (level 8, -1/61 HPs)
             Began as a Human Fighter on Oct 16, 2019.
             Slain by Prince Ribbit (6 damage)
             ... on level 5 of the Dungeon.
             The game lasted 00:11:45 (3361 turns).

Marnok the Poker (Human Fighter)                    Turns: 3361, Time: 00:11:46

Health: -1/61      AC: 10    Str: 21    XL:     8   Next: 21%
Magic:  8/8        EV:  8    Int:  9    God:
Gold:   218        SH:  0    Dex: 13    Spells: 7/7 levels left

rFire    x . .     SeeInvis .   d - +3 scythe (pain)
rCold    + . .     Gourm    .   (shield currently unavailable)
rNeg     . . .     Faith    .   e - +1 chain mail of Gravitas {rF- rC+ rCorr}
rPois    .         Spirit   .   (no helmet)
rElec    .         Reflect  .   (no cloak)
rCorr    +         Harm     +   (no gloves)
MR       .....                  (no boots)
Stlth    ..........             q - amulet of harm
HPRegen  0.20/turn              j - ring of wizardry
MPRegen  0.11/turn              n - +3 ring of strength

@: no status effects
A: no striking features
a: no special abilities


You were on level 5 of the Dungeon.
You were not hungry.

You visited 1 branch of the dungeon, and saw 5 of its levels.

You collected 218 gold pieces.

Inventory:

Hand Weapons
 a - a +0 trident
 d - a +3 scythe of pain (weapon)
 m - a +1 dagger of flaming
 o - a cursed -3 rapier
Missiles
 p - 7 javelins (quivered)
Armour
 b - a +0 scale mail
 c - a +1 shield
 e - the +1 chain mail of Gravitas (worn) {rF- rC+ rCorr}
   (You found it on level 4 of the Dungeon)

   It makes you vulnerable to fire.
   It protects you from cold.
   It provides partial protection from all sources of acid and corrosion.
Jewellery
 j - a ring of wizardry (left hand)
 n - a +3 ring of strength (right hand)
 q - an amulet of harm (around neck)
Wands
 g - a wand of iceblast (8)
Scrolls
 h - 3 scrolls of teleportation
 i - a scroll of magic mapping
 l - a scroll of random uselessness
 v - 3 scrolls of identify
Potions
 k - a potion of lignification {unknown}
 s - a potion of haste
Comestibles
 f - 12 rations


   Skills:
 + Level 4.9 Fighting
 + Level 6.1 Polearms
 + Level 4.5 Armour
 + Level 2.0 Dodging
 + Level 0.1 Stealth
 + Level 4.1 Shields


You had 7 spell levels left.
You didn't know any spells.
Your spell library was empty.

Dungeon Overview and Level Annotations

Branches:
Dungeon (5/15)
 Temple: D:4-7

Altars:
Fedhas
Makhleb
Qazlal
Uskayaw

Annotations:
D:5 1 runed translucent door, Prince Ribbit; Zadkiel's ghost, novice FoFi


Message History

You closely miss Prince Ribbit. Prince Ribbit barely misses you.
Prince Ribbit blinks!
You slice Prince Ribbit!!
Prince Ribbit is severely wounded.
Prince Ribbit hits you but does no damage.
Prince Ribbit hits you.
You closely miss Prince Ribbit.
Prince Ribbit is severely wounded.
Prince Ribbit blinks! x2
Prince Ribbit hits you!
* * * LOW HITPOINT WARNING * * *
You barely miss Prince Ribbit.
Prince Ribbit is severely wounded.
Prince Ribbit hops awkwardly around.
Prince Ribbit closely misses you. Prince Ribbit hits you!
* * * LOW HITPOINT WARNING * * *
You barely miss Prince Ribbit.
Prince Ribbit is severely wounded.
Prince Ribbit hits you.
You die...

#.# .. #.# .# #.# .#
#######.### #.#
.....#..... #..######
=≈≈≈≈+..### #$..#...
....W#..# #...F.#
########.### #...@.#
............
#.##..###.#######.###
#...........# #.# #
####..###.#.# #.###
#..# #.#.# #.#.. #..#
#.#.#####.#.. #..#
#.#..........
#..###.#..........
#.........(.......


You could see Prince Ribbit.

Vanquished Creatures
  Sigmund (D:2)
  A phantom (D:3)
  An ogre (D:4)
  A scorpion (D:4)
  A hound (D:4)
  A bullfrog skeleton (D:5)
  An iguana (D:4)
  2 orc wizards (D:3)
  5 worker ants
  6 adders
  4 gnolls (D:2)
  3 oozes
  2 worms (D:4)
  3 dart slugs
  8 leopard geckos
  11 orcs
  3 ball pythons (D:3)
  8 bats
  4 giant cockroaches
  11 goblins
  7 hobgoblins
  3 jackals (D:3)
  A quokka (D:4)
  3 frilled lizards
  4 kobolds
  7 rats
102 creatures vanquished.

Notes
Turn   | Place    | Note
-------+----------+-------------------------------------------
     0 | D:1      | Marnok the Human Fighter began the quest for the Orb.
     0 | D:1      | Reached XP level 1. HP: 18/18 MP: 1/1
    33 | D:1      | Reached XP level 2. HP: 14/24 MP: 2/2
   174 | D:1      | Reached XP level 3. HP: 22/30 MP: 3/3
   556 | D:3      | Found a stormy altar of Qazlal.
   566 | D:2      | Reached XP level 4. HP: 37/37 MP: 4/4
   881 | D:2      | Noticed Sigmund
   886 | D:2      | Killed Sigmund
   886 | D:2      | Reached skill level 3 in Polearms
   886 | D:2      | Reached skill level 1 in Dodging
   886 | D:2      | Reached XP level 5. HP: 31/42 MP: 5/5
   886 | D:2      | Reached XP level 6. HP: 35/48 MP: 6/6
  1366 | D:5      | Entered Level 5 of the Dungeon
  1385 | D:3      | Found a burning altar of Makhleb.
  1385 | D:3      | Noticed a green death
  1478 | D:3      | Reached skill level 4 in Polearms
  1924 | D:3      | Found a hide-covered altar of Uskayaw.
  1978 | D:3      | Reached XP level 7. HP: 54/54 MP: 7/7
  2125 | D:3      | Found a blossoming altar of Fedhas.
  2459 | D:4      | Reached skill level 5 in Polearms
  2652 | D:4      | Got a faintly humming chain mail
  2664 | D:4      | Identified the +1 chain mail of Gravitas {rF- rC+ rCorr}
                  | (You found it on level 4 of the Dungeon)
  3065 | D:4      | Reached XP level 8. HP: 44/61 MP: 8/8
  3089 | D:4      | Reached skill level 6 in Polearms
  3305 | D:5      | Found a runed translucent door.
  3310 | D:5      | Noticed Zadkiel's ghost (novice FoFi)
  3332 | D:5      | Noticed Prince Ribbit
  3361 | D:5      | Slain by Prince Ribbit

Skill      XL: |  1  2  3  4  5  6  7  8 |
---------------+-------------------------+-----
Fighting       | 4 |  4.9
Polearms       | 3 4 5 6 |  6.1
Dodging        | 1 2 |  2.0
Shields        | 4 |  4.1
Armour         | 4 |  4.5
Stealth        | |  0.1

Action                   |  1- 3 |  4- 6 |  7- 9 || total
-------------------------+-------+-------+-------++-------
Melee: Trident           |    83 |    28 |       ||   111
       Scythe            |       |    83 |   144 ||   227
  Use: Scroll            |     3 |     3 |     1 ||     7
       Potion            |     1 |     1 |     6 ||     8
  Eat: Chunk             |       |     4 |     5 ||     9
Armor: Scale mail        |    45 |    54 |    43 ||   142
       Chain mail        |       |       |    54 ||    54
Dodge: Dodged            |    34 |    61 |   128 ||   223
Block: Shield            |    59 |    11 |       ||    70
